 Dungeon Crawl Stone Soup version 0.25.1-2-g60ff931df9 (webtiles) character file.

Game seed: 18114036618525733382

688 Kalessin the Cudgeler (level 7, -2/54 HPs)
             Began as a Human Fighter on Oct 15, 2020.
             Slain by Duvessa
             ... wielding a +0 short sword
              (12 damage)
             ... on level 3 of the Dungeon.
             The game lasted 00:25:16 (3259 turns).

Kalessin the Cudgeler (Human Fighter)               Turns: 3259, Time: 00:25:16

Health: -2/54      AC: 15    Str: 18    XL:     7   Next: 94%
Magic:  7/7        EV:  3    Int:  8    God:
Gold:   165        SH:  9    Dex: 13    Spells: 6/6 levels left

rFire    . . .     SeeInvis .   a - +0 flail
rCold    . . .     Gourm    .   c - +0 kite shield
rNeg     . . .     Faith    .   p - +0 plate armour
rPois    .         Spirit   .   i - +2 helmet
rElec    .         Reflect  .   (no cloak)
rCorr    +         Harm     .   (no gloves)
MR       .....                  (no boots)
Stlth    ..........             (no amulet)
HPRegen  0.18/turn              m - ring of wizardry
MPRegen  0.10/turn              l - ring of resist corrosion

@: no status effects
A: no striking features
a: no special abilities


You were on level 3 of the Dungeon.
You were hungry.

You visited 1 branch of the dungeon, and saw 4 of its levels.

You collected 165 gold pieces.

Inventory:

Hand Weapons
 a - a +0 flail (weapon)
Missiles
 y - 5 atropa-tipped darts (quivered)
Armour
 c - a +0 kite shield (worn)
 i - a +2 helmet (worn)
 p - a +0 plate armour (worn)
Jewellery
 l - a ring of resist corrosion (right hand)
 m - a ring of wizardry (left hand)
 s - an uncursed ring of magical power
Wands
 w - a wand of enslavement (4)
Scrolls
 d - a scroll of enchant armour {unknown}
 e - 4 scrolls of immolation
 h - a scroll of noise {unknown}
 j - a scroll of remove curse
 q - a scroll of random uselessness {unknown}
 r - a scroll of amnesia {unknown}
 t - 3 scrolls of teleportation
 x - a scroll of blinking {unknown}
Potions
 b - 2 potions of berserk rage
 g - 3 potions of curing
 k - 2 potions of brilliance {unknown}
 n - 2 potions of degeneration {unknown}
 o - 2 potions of heal wounds
 u - a potion of invisibility {unknown}
 v - a potion of stabbing {unknown}
Comestibles
 f - 8 rations


   Skills:
 + Level 4.0 Fighting
 * Level 6.3 Maces & Flails
 + Level 4.1 Armour
 + Level 0.8 Dodging
 + Level 4.5 Shields


You had 6 spell levels left.
You didn't know any spells.
Your spell library was empty.

Dungeon Overview and Level Annotations

Branches:
Dungeon (4/15)
 Temple: D:4-7

Altars:

Annotations:
D:3 Duvessa


Message History

Duvessa is severely wounded.
Duvessa hits you but does no damage. Duvessa hits you with a +0 short sword.
You hit Duvessa.
Duvessa is severely wounded.
You block Duvessa's attack. Duvessa hits you but does no damage.
You hit Duvessa.
Duvessa is severely wounded.
You are no longer glowing.
Duvessa hits you with a +0 short sword. x2
Your shield and plate armour prevent you from hitting Duvessa.
Duvessa is severely wounded.
Duvessa hits you with a +0 short sword!
* * * LOW HITPOINT WARNING * * *
You hit Duvessa but do no damage.
Duvessa is severely wounded.
You block Duvessa's attack. x2
You hit Duvessa but do no damage.
Duvessa is severely wounded.
Duvessa hits you with a +0 short sword!
You die...

#.########..# #.# #..# #.# #..#
#.# #..## ####################.#
#.... ...................#.#
#####.#. ##...................#
#.....#.
##.################..#####.##..#.
...............)@........#.#####.
.....########.##e#....##.#.......
##.#.# ####.##.#.#..##.########
...#.# #.......#.#...#.# ####.#
###'##.####.#...#.# #.#
#....#......#...#.# #.#
#....##...........# #.#
#....##...........# #.#
#....##........#..########


You could see Duvessa (berserk).

Vanquished Creatures
  Sigmund (D:3)
  A scorpion (D:4)
  Dowan (D:3)
  3 orc priests
  Terence (D:2)
  2 orc wizards (D:3)
  Natasha (twice) (D:2)
  2 worker ants
  A gnoll (D:1)
  9 adders
  An ooze (D:1)
  3 worms
  2 dart slugs
  A leopard gecko (D:3)
  8 orcs
  4 giant cockroaches
  9 goblins
  8 hobgoblins
  5 kobolds
  A quokka (D:3)
  9 bats
  A frilled lizard (D:1)
  7 rats
82 creatures vanquished.

Notes
Turn   | Place    | Note
-------+----------+-------------------------------------------
     0 | D:1      | Kalessin the Human Fighter began the quest for the Orb.
     0 | D:1      | Reached XP level 1. HP: 18/18 MP: 1/1
    82 | D:1      | Reached XP level 2. HP: 24/24 MP: 2/2
   193 | D:1      | Reached XP level 3. HP: 24/29 MP: 3/3
   776 | D:1      | Reached XP level 4. HP: 35/35 MP: 4/4
  1014 | D:2      | Reached skill level 3 in Maces & Flails
  1157 | D:2      | Reached XP level 5. HP: 25/41 MP: 5/5
  1187 | D:2      | Noticed Terence
  1346 | D:2      | Killed Terence
  1523 | D:2      | Noticed Natasha
  1532 | D:2      | Killed Natasha
  1532 | D:2      | Reached skill level 4 in Maces & Flails
  1702 | D:2      | Noticed Natasha
  1715 | D:2      | Killed Natasha
  1715 | D:2      | Reached XP level 6. HP: 35/47 MP: 6/6
  2221 | D:3      | Reached skill level 5 in Maces & Flails
  2288 | D:3      | Reached XP level 7. HP: 26/53 MP: 7/7
  2492 | D:3      | Noticed Sigmund
  2594 | D:3      | Killed Sigmund
  2934 | D:4      | Reached skill level 6 in Maces & Flails
  3056 | D:4      | Noticed Duvessa
  3056 | D:4      | Noticed Dowan
  3253 | D:3      | Killed Dowan
  3259 | D:3      | Slain by Duvessa

Illustrated notes

Levels and vault maps discovered:
D:1:      onia_arrival_pyramid, layout_loops_corners
D:2:      layout_rooms, minmay_indecisive_spiral, uniq_terence, uniq_natasha
D:3:      layout_basic, first_ration, uniq_sigmund
D:4:      cheibrodos_pilgrimage, layout_cave_pods, enter_ossuary_2,
          uniq_blork_the_orc, uniq_duvessa

Skill      XL: |  1  2  3  4  5  6  7 |
---------------+----------------------+-----
Maces & Flails | 3 4 5 6 |  6.3
Shields        | 4 |  4.5
Armour         | 4 |  4.1
Fighting       | 4 |  4.0
Dodging        | |  0.8

Action                   |  1- 3 |  4- 6 |  7- 9 || total
-------------------------+-------+-------+-------++-------
Melee: Flail             |    90 |   257 |   105 ||   452
  Use: Scroll            |       |     5 |     1 ||     6
       Potion            |       |     1 |       ||     1
  Eat: Chunk             |       |     5 |     3 ||     8
Armor: Scale mail        |    49 |    52 |       ||   101
       Plate armour      |       |    97 |    64 ||   161
Dodge: Dodged            |    27 |    47 |    10 ||    84
Block: Kite shield       |    49 |   133 |    45 ||   227
